 Dungeon Crawl Stone Soup version 0.20.1-1-g8b1a95d (webtiles) character file.

6969 KoningWillie the Blocker (level 10, -6/88 HPs)
             Began as a Minotaur Fighter on Oct 25, 2017.
             Was a Believer of Dithmenos.
             Mangled by an ice beast (11 damage)
             ... summoned by an ice statue
             ... in an ice cave.
             The game lasted 00:24:41 (11880 turns).

KoningWillie the Blocker (Minotaur Fighter)        Turns: 11880, Time: 00:24:41

Health: -6/88      AC:  9    Str: 23    XL:     10   Next: 81%
Magic:  0/10       EV: 10    Int:  5    God:    Dithmenos [**....]
Gold:   137        SH: 18    Dex: 11    Spells: 9/9 levels left

rFire    . . .     SeeInvis .   C - +5 spear (freeze)
rCold    . . .     Gourm    .   m - +0 large shield
rNeg     . . .     Faith    .   b - +1 scale mail
rPois    .         Spirit   +   (helmet restricted)
rElec    .         Reflect  .   (no cloak)
rCorr    .         Harm     .   (no gloves)
MR       .....                  (no boots)
Stlth    ..........             v - amulet of guardian spirit
Regen    0.3/turn               (no ring)
MPRegen  0.2/turn               (no ring)

@: about to teleport, wreathed by umbra
A: retaliatory headbutt, horns 2
a: Shadow Step, Renounce Religion


You were in an ice cave.
You worshipped Dithmenos.
Dithmenos was pleased with you.
You were not hungry.

You visited 1 branch of the dungeon, and saw 11 of its levels.
You also visited: Ice Cave.

You collected 547 gold pieces.
You spent 410 gold pieces at shops.

Inventory:

Hand Weapons
 a - a +0 trident
 w - a +4 falchion
 C - a +5 spear of freezing (weapon)
 K - a +7 long sword of electrocution
Armour
 b - a +1 scale mail (worn)
 c - a +0 shield
 m - a +0 large shield (worn)
Jewellery
 l - an uncursed amulet of harm
 u - an uncursed amulet of faith
 v - an amulet of guardian spirit (around neck)
Wands
 r - a wand of iceblast (0/15)
 z - a wand of acid (7/15)
 A - a wand of confusion (15/48)
 H - a wand of iceblast (0/15)
 I - a wand of iceblast (5/15)
 J - a wand of iceblast (9/15)
 N - a wand of paralysis (14/24)
 O - a wand of polymorph (9/24)
Scrolls
 x - 3 scrolls of remove curse
 B - a scroll of silence
 D - a scroll of enchant armour
Potions
 e - a potion of brilliance
 g - a potion of cancellation
 h - a potion of degeneration {unknown}
 p - a potion of flight
 q - a potion of ambrosia {unknown}
 s - 2 potions of lignification {unknown}
 t - 4 potions of haste
 L - 2 potions of heal wounds
 P - a potion of curing {unknown}
 Q - a potion of magic {unknown}
Books
 j - a book of Air

   Spells                             Type                      Level
   a - Shock                          Conjuration/Air              1
   b - Swiftness                      Charms/Air                   2
   c - Static Discharge               Conjuration/Air              3
   d - Airstrike                      Air                          4
   e - Lightning Bolt                 Conjuration/Air              5
Comestibles
 f - 2 bread rations
 i - 7 meat rations
 k - 11 fruits
 o - 2 royal jellies


   Skills:
 + Level 7.7 Fighting
 + Level 10.3 Polearms
 + Level 9.0 Armour
 + Level 5.0 Dodging
 + Level 1.3 Stealth
 + Level 12.0 Shields
 + Level 2.0 Evocations


You had 9 spell levels left.
You didn't know any spells.

Dungeon Overview and Level Annotations

Branches:
Dungeon (11/15)            Temple (0/1) D:5            Lair (0/6) D:8
    Orc: D:9-12

Altars:
Ashenzari
Dithmenos
Qazlal
Sif Muna
Trog
Uskayaw
Xom
The Shining One

Shops:
D:4 ?   D:9 %

Annotations:
D:5 Dowan, Duvessa
D:7 Menkaure, Pikel IceCv exclusion: 2 ice statues


Innate Abilities, Weirdness & Mutations

You reflexively headbutt those who attack you in melee.
You have a pair of horns on your head.


Message History

You hit the ice statue but do no damage.
You headbutt the ice statue, but do no damage.
The ice statue is heavily damaged.
You are engulfed in freezing vapours.
The ice beast closely misses you.
The ice beast hits you but does no damage.
You block the ice beast's attack.
You hit the ice statue but do no damage.
The ice statue is heavily damaged.
You are engulfed in freezing vapours.
You block the ice beast's attack.
Okay, then.
As you read the scroll of teleportation, it crumbles to dust.
You feel strangely unstable.
You are engulfed in freezing vapours.
* * * LOW HITPOINT WARNING * * *
You block the ice beast's attack.
The ice beast hits you but does no damage.
The ice statue gestures at you. You block the shard of ice.
The ice beast hits you.
* * * LOW HITPOINT WARNING * * *
The ice beast freezes you!
You die...

#### #####...##
# ##.....≈..##
#. ##..........#
...#..........##
........§§§§§..#
#....§§Y§§§..#
#..Y@Y§§§..#
###8#Y§§§#8#
####§§## #.§##
##..## ##..#
##...# ##...##
#...##


You could see 2 ice statues and 4 ice beasts.

Vanquished Creatures
  A two-headed ogre (D:10)
  An orc high priest (D:9)
  2 kobold demonologists (D:9)
  Prince Ribbit (D:9)
  A hippogriff (D:10)
  A wyvern (D:8)
  Grum (D:8)
  A soldier ant (D:8)
  5 ice beasts
  A sky beast (D:8)
  3 slaves (D:7)
  4 orc warriors
  2 black bears
  A phantom (D:11)
  4 ogres
  2 necrophages
  4 wolves (D:8)
  4 centaurs
  4 bullfrogs
  2 scorpions
  6 killer bees
  3 wights (D:8)
  A crimson imp (D:9)
  3 quasits
  8 hounds
  3 jellies
  12 orc priests
  4 orc wizards
  A bullfrog skeleton (D:9)
  8 worker ants
  2 hound skeletons
  A hound zombie (D:5)
  9 adders
  3 shadow imps
  7 white imps (IceCv)
  2 ufetubi (IceCv)
  2 oozes
  2 adder skeletons
  An adder zombie (D:9)
  2 dart slugs
  A worm (D:4)
  4 leopard geckos
  26 orcs
  6 giant cockroaches
  6 goblins
  7 hobgoblins
  6 jackals (D:1)
  5 quokkas
  9 bats
  4 frilled lizards
  5 kobolds
  A leopard gecko skeleton (D:9)
  A leopard gecko zombie (D:8)
  A quokka zombie (D:5)
  7 rats
  4 plants (D:6)
218 creatures vanquished.

Vanquished Creatures (others)
  A reaper (IceCv)
  2 white imps (IceCv)
  8 ufetubi (IceCv)
  4 plants
15 creatures vanquished.

Grand Total: 233 creatures vanquished

Notes
Turn   | Place    | Note
-------+----------+-------------------------------------------
     0 | D:1      | KoningWillie the Minotaur Fighter began the quest for the Orb.
     0 | D:1      | Reached XP level 1. HP: 19/19 MP: 0/0
   152 | D:1      | Reached XP level 2. HP: 15/27 MP: 1/1
   347 | D:1      | Reached skill level 4 in Shields
   801 | D:1      | Reached XP level 3. HP: 33/33 MP: 2/2
  1293 | D:2      | Found a bloodstained altar of Trog.
  1617 | D:2      | Found a deep blue altar of Sif Muna.
  1627 | D:2      | Reached XP level 4. HP: 40/40 MP: 3/3
  2512 | D:4      | Noticed an ogre
  2530 | D:4      | Killed an ogre
  2530 | D:4      | Reached XP level 5. HP: 47/47 MP: 4/4
  2671 | D:4      | Found Muotu Veuse's Magic Scroll Boutique.
  2680 | D:4      | Bought a scroll of identify for 28 gold pieces
  2680 | D:4      | Bought a scroll of identify for 28 gold pieces
  2680 | D:4      | Bought a scroll of identify for 28 gold pieces
  2681 | D:4      | Bought a scroll of teleportation for 42 gold pieces
  2681 | D:4      | Bought a scroll of teleportation for 42 gold pieces
  2681 | D:4      | Bought a scroll of teleportation for 42 gold pieces
  2734 | D:4      | Reached skill level 5 in Shields
  3233 | D:4      | Found a shimmering altar of Xom.
  3248 | D:4      | Found a shattered altar of Ashenzari.
  3276 | D:5      | Entered Level 5 of the Dungeon
  3302 | D:5      | Found a shadowy altar of Dithmenos.
  3307 | D:5      | Reached XP level 6. HP: 51/53 MP: 5/5
  3317 | D:5      | Became a worshipper of Dithmenos the Shadowed
  3461 | D:5      | Reached skill level 5 in Armour
  3594 | D:5      | Reached skill level 5 in Polearms
  3594 | D:5      | Reached skill level 1 in Dodging
  3694 | D:5      | Found a hide-covered altar of Uskayaw.
  3728 | D:5      | Found a staircase to the Ecumenical Temple.
  3734 | D:5      | Noticed a two-headed ogre
  3741 | D:5      | Noticed an ice beast
  3800 | D:5      | Killed an ice beast
  3872 | D:5      | Noticed Dowan
  3873 | D:5      | Noticed Duvessa
  4129 | D:6      | Reached XP level 7. HP: 52/60 MP: 6/6
  4138 | D:6      | Reached skill level 5 in Fighting
  4226 | D:6      | Found a glowing golden altar of the Shining One.
  4235 | D:6      | Reached skill level 6 in Shields
  5010 | D:6      | Reached skill level 7 in Shields
  5010 | D:6      | Reached XP level 8. HP: 36/69 MP: 7/7
  5421 | D:7      | Noticed Pikel
  5426 | D:7      | Noticed Menkaure
  5498 | D:7      | HP: 3/69 [slave[Pikel] (8)]
  5506 | D:7      | HP: 3/69 [poisoned by a worker ant]
  6035 | D:8      | Found a stormy altar of Qazlal.
  6059 | D:8      | Reached * piety under Dithmenos
  6059 | D:8      | Reached skill level 8 in Shields
  6356 | D:8      | Found a shimmering altar of Xom.
  6832 | D:8      | Reached XP level 9. HP: 28/75 MP: 4/8
  7138 | D:8      | Noticed a two-headed ogre
  7157 | D:8      | Reached skill level 9 in Shields
  7165 | D:8      | Found a staircase to the Lair.
  7331 | D:8      | Noticed Grum
  7351 | D:8      | Killed Grum
  7797 | D:8      | Noticed a komodo dragon
  7998 | D:9      | Found a transporter.
  7998 | D:9      | Noticed a kobold demonologist
  7999 | D:9      | Noticed an orc high priest
  8003 | D:9      | Noticed a kobold demonologist
  8012 | D:9      | Found a transporter.
  8081 | D:9      | Killed an orc high priest
  8081 | D:9      | Reached skill level 1 in Stealth
  8081 | D:9      | Reached skill level 10 in Shields
  8081 | D:9      | Killed a kobold demonologist
  8081 | D:9      | Reached skill level 1 in Evocations
  8081 | D:9      | Reached XP level 10. HP: 61/84 MP: 6/9
  8200 | D:9      | Noticed a sun demon
  8202 | D:9      | Noticed a sun demon
  8205 | D:9      | Noticed a smoke demon
  8533 | D:9      | Found a stormy altar of Qazlal.
  8598 | D:9      | Reached skill level 11 in Shields
  8859 | D:9      | Found Miut's Food Shoppe.
  8867 | D:9      | Bought a meat ration for 50 gold pieces
  8867 | D:9      | Bought a meat ration for 50 gold pieces
  8867 | D:9      | Bought a meat ration for 50 gold pieces
  8867 | D:9      | Bought a meat ration for 50 gold pieces
  8929 | D:9      | Noticed Prince Ribbit
  8931 | D:9      | Reached ** piety under Dithmenos
  8949 | D:9      | Killed Prince Ribbit
  8983 | D:9      | Paralysed by an orc for 4 turns
  9134 | D:10     | Entered Level 10 of the Dungeon
  9761 | D:10     | Reached skill level 10 in Polearms
 10011 | D:10     | Noticed a two-headed ogre
 10015 | D:10     | Killed a two-headed ogre
 10820 | D:11     | Reached skill level 5 in Dodging
 10820 | D:11     | Reached skill level 12 in Shields
 10935 | D:11     | Found a frozen archway.
 10944 | IceCv    | Entered an ice cave
 11044 | IceCv    | Killed a reaper
 11090 | IceCv    | Noticed an ice statue
 11090 | IceCv    | Noticed an ice statue
 11880 | IceCv    | Mangled by an ice beast

Skill      XL: |  1  2  3  4  5  6  7  8  9 10 |
---------------+-------------------------------+-----
Shields        | 4 5 7 8 10 12 | 12.0
Fighting       | 4 5 6 7 |  7.7
Polearms       | 3 4 5 6 7 9 10 | 10.3
Armour         | 4 5 6 7 8 9 |  9.0
Dodging        | 1 2 3 4 5 |  5.0
Stealth        | 1 |  1.3
Evocations     | 1 2 |  2.0

Action                   |  1- 3 |  4- 6 |  7- 9 | 10-12 || total
-------------------------+-------+-------+-------+-------++-------
Melee: Trident           |    98 |   170 |   178 |       ||   446
       Headbutt          |    16 |    29 |    70 |    44 ||   159
       Spear             |       |       |   159 |   224 ||   383
Evoke: Wand              |       |     3 |     6 |    13 ||    22
  Use: Scroll            |     2 |     7 |     5 |     9 ||    23
       Potion            |     1 |       |     5 |     2 ||     8
  Eat: Bread ration      |     1 |     1 |     1 |     1 ||     4
       Meat ration       |       |     1 |     1 |     2 ||     4
Armor: Scale mail        |    56 |    56 |   133 |    65 ||   310
Dodge: Dodged            |    34 |    32 |    91 |    56 ||   213
Block: Shield            |    57 |    32 |       |       ||    89
       Large shield      |       |    52 |   351 |   148 ||   551
